 Dungeon Crawl Stone Soup version 0.30-a0-335-ge5acde7520 (webtiles) character file.

Game seed: 1523145318311012414

196 sanka the Caller (level 5, -2/35 HPs)
             Began as a Barachi Summoner on Oct 30, 2022.
             Slain by an orc
             ... wielding a +0 flail
              (7 damage)
             ... on level 3 of the Dungeon.
             The game lasted 00:08:17 (2478 turns).

sanka the Caller (Barachi Summoner)                 Turns: 2478, Time: 00:08:18

Health: -2/35      AC:  2    Str:  9    XL:     5   Next: 74%
Magic:  0/9        EV: 12    Int: 18    God:
Gold:   264        SH:  0    Dex: 12    Spells: 1/10 levels left

rFire   . . .      SeeInvis .    e - +0 flail
rCold   . . .      Faith    .    (no shield)
rNeg    . . .      Spirit   .    a - +0 robe
rPois   .          Reflect  .    (no helmet)
rElec   .          Harm     .    (no cloak)
rCorr   .          Rampage  .    (no gloves)
Will    .....                    (no boots)
Stlth   ++........               (no amulet)
HPRegen 0.25/turn                (no ring)
MPRegen 0.11/turn                k - ring of wizardry

@: slow
A: amphibious, slowness 1, strong legs 1, +LOS
a: Hop


You were on level 3 of the Dungeon.
You visited 1 branch of the dungeon, and saw 3 of its levels.

You collected 264 gold pieces.


Innate Abilities, Weirdness & Mutations

You are amphibious.
You cover ground slowly.
You can hop short distances.
You have an extended range of vision and can be seen from far away.


   Skills:
 - Level 2.1 Dodging
 - Level 1.7 Stealth
 - Level 3.0 Spellcasting
 + Level 7.8 Summonings


You had one spell level left.
You knew the following spells:

 Your Spells              Type           Power      Damage    Failure   Level
c - Call Canine Familiar  Summ           30%        N/A       1%          3
x - Call Imp              Summ           30%        N/A       1%          2
z - Summon Small Mammal   Summ           100%       N/A       1%          1
Z - Summon Guardian Gole  Hex/Summ       16%        N/A       4%          3

Your spell library contained the following spells:

 Spells                   Type           Power      Damage    Failure   Level
 Summon Lightning Spire   Summ/Air       16%        N/A       13%         4
 Portal Projectile        Hex/Tloc       4%         N/A       19%         3
 Leda's Liquefaction      Hex/Erth       1%         N/A       52%         4

Inventory:

Hand Weapons
 c - a +0 dagger
 e - a +0 flail (weapon)
Armour
 a - a +0 robe (worn)
Jewellery
 k - a ring of wizardry (right hand)
Wands
 l - a wand of flame (6)
Scrolls
 g - a scroll of amnesia {unknown}
 h - 6 scrolls of identify {unknown}
 i - a scroll of teleportation {unknown}
 m - 2 scrolls of silence {unknown}
Potions
 b - a potion of magic
 d - a potion of heal wounds {unknown}
 f - 3 potions of degeneration {unknown}
 j - a potion of berserk rage {unknown}
 n - a potion of flight {unknown}
 o - a potion of curing {unknown}

Dungeon Overview and Level Annotations

Branches:
Dungeon (3/15)

Altars:

Shops:
D:3

==[ ....▒▒....~.▒▒▒▒▒▒▒▒▒
....▒▒▒.▒▒≈▒......... ....▒
▒.▒▒≈▒▒▒▒▒▒▒▒▒▒ ....▒
▒.▒▒≈▒▒▒▒▒▒▒▒▒▒▒▒ . ....▒
▒.▒▒▒▒.▒▒.......▒ ▒▒▒▒▒..▒ ...▒▒
▒.▒▒ ▒.▒▒...h)..▒▒▒▒....... ..▒▒
▒..▒▒▒.▒▒...or.(.....▒▒▒.▒▒ ▒▒▒
▒▒..▒▒.....5o...▒▒▒▒▒....▒ ▒
▒▒.▒.....Fo9...▒▒▒▒..▒▒▒▒▒ ▒
▒▒.▒.▒▒...................
▒▒▒▒▒▒▒▒....▒▒▒.........(▒▒▒▒▒▒▒▒
......▒▒.....▒▒.......▒▒▒▒
......................▒
......▒▒▒.............▒ ......▒
▒.......▒▒▒..▒▒ ▒▒▒▒▒▒▒ ▒.......▒
▒▒.▒▒ .<▒ ▒......▒▒ ▒..▒


You could see 3 orcs, a friendly guardian golem (summoned), a friendly hound
(summoned, sheltered), a friendly crimson imp (summoned, sheltered) and a
friendly quokka (summoned, sheltered).


Message History

Your hound bites the orc but does no damage.
The orc hits your guardian golem with a +0 trident.
Your quokka bites the orc.
The orc hits your crimson imp with a +0 flail!
Unknown command.
Unknown command.
Your hound barely misses the orc.
Your quokka barely misses the orc.
The orc hits your hound but does no damage.
Your hound bites the orc but does no damage.
Your hound bites the orc.
Your quokka bites the orc.
The orc hits your hound with a +0 flail.
Your hound closely misses the orc.
Your hound bites the orc but does no damage.
Your crimson imp hits the orc but does no damage.
Your hound barely misses the orc.
Your quokka barely misses the orc.
Your crimson imp barely misses the orc.
Your hound closely misses the orc.
Your quokka bites the orc.
The orc dies!
Your hound barely misses the orc.
Your crimson imp closely misses the orc.
There is an escape hatch in the ceiling here.
Your hound bites the orc.
Your quokka bites the orc.
The orc hits your crimson imp with a +0 flail!
The orc hits you with a +0 flail!
You die...

Action                   |  1- 3 |  4- 6 || total
-------------------------+-------+-------++-------
Melee: Dagger            |     3 |       ||     3
       Flail             |    31 |    56 ||    87
 Cast: Summon Small Mamm |    44 |    23 ||    67
       Call Imp          |     6 |     6 ||    12
       Summon Guardian G |       |     2 ||     2
       Call Canine Famil |       |     1 ||     1
 Stab: Sleeping          |       |     2 ||     2
Armor: Robe              |     9 |    13 ||    22
Dodge: Dodged            |    26 |    63 ||    89

Levels and vault maps discovered:
D:1:      roderic_crop_circles_arrival_small, layout_rooms,
          hellmonk_ecumenical_altar_pennies_from_heaven,
          chequers_serial_rivers_micro_e
D:2:      minmay_alternating_diamond, layout_loops_ring, dreamdust_wishing_well
D:3:      layout_rooms, serial_shops, nicolae_square_shop, nicolae_square_shop,
          nicolae_shop_statue_plus, chequers_serial_rivers_micro_a, uniq_pargi

Notes
Turn   | Place    | Note
-------+----------+-------------------------------------------
     0 | D:1      | sanka the Barachi Summoner began the quest for the Orb.
     0 | D:1      | Reached XP level 1. HP: 13/13 MP: 3/3
    90 | D:1      | Reached skill level 5 in Summonings
   225 | D:2      | Reached XP level 2. HP: 16/19 MP: 1/5
   266 | D:2      | Learned a level 2 spell: Call Imp
   371 | D:1      | Found a faded altar of an unknown god.
   759 | D:2      | Reached skill level 3 in Spellcasting
   759 | D:2      | Reached XP level 3. HP: 9/24 MP: 2/7
  1082 | D:2      | Reached skill level 6 in Summonings
  1265 | D:2      | Reached XP level 4. HP: 30/30 MP: 3/8
  1949 | D:3      | Found Kegukiss's Jewellery Shoppe.
  1992 | D:3      | Found Woiqus's Armour Emporium.
  2242 | D:3      | Found Qoustrehi's Jewellery Shoppe.
  2364 | D:3      | Noticed Pargi
  2370 | D:3      | Learned a level 3 spell: Call Canine Familiar
  2374 | D:3      | Learned a level 3 spell: Summon Guardian Golem
  2396 | D:3      | Killed Pargi
  2397 | D:3      | Reached skill level 7 in Summonings
  2397 | D:3      | Reached XP level 5. HP: 35/35 MP: 7/9
  2472 | D:3      | HP: 3/35 [orc/+0 flail (4)]
  2478 | D:3      | Slain by an orc

Vanquished Creatures
  A gnoll (D:2)
  A worm (D:2)
  A ball python (D:3)
  2 endoplasms (D:2)
  2 goblins (D:2)
  A hobgoblin (D:2)
  2 quokkas (D:2)
  2 bats (D:3)
  A frilled lizard (D:3)
  2 kobolds
  2 rats
17 creatures vanquished.

Vanquished Creatures (collateral kills)
  3 adders
  3 worms
  A dart slug (D:1)
  An orc (D:3)
  4 bats
  2 endoplasms
  A giant cockroach (D:2)
  4 goblins
  4 hobgoblins
  2 kobolds (D:1)
  A quokka (D:2)
  4 ball pythons
  2 frilled lizards (D:1)
  2 rats (D:2)
34 creatures vanquished.

Vanquished Creatures (others)
  Pargi (D:3)
  2 plants (D:1)
3 creatures vanquished.

Grand Total: 54 creatures vanquished
